 Dungeon Crawl Stone Soup version 0.18.0-1-g0107ab7 (webtiles) character file.

866 wvc the Chopper (level 7, -11/55 HPs)
             Began as a Mummy Wanderer on May 5, 2016.
             Was an Initiate of Cheibriados.
             Mangled by an ogre
             ... wielding a +0 giant club
              (15 damage)
             ... on level 4 of the Dungeon.
             The game lasted 00:08:58 (6854 turns).

wvc the Chopper (Mummy Wanderer)                    Turns: 6854, Time: 00:08:59

Health: -11/55     AC:  5    Str: 15      XL:     7   Next: 72%
Magic:  7/7        EV:  9    Int: 10      God:    Cheibriados [......]
Gold:   73         SH:  8    Dex: 17 (18) Spells: 0 memorised, 6 levels left

rFire  x . .     SeeInvis .     a - +2 hand axe
rCold  + . .     Gourm    .     i - +0 ring mail
rNeg   + + +     Faith    .     g - +0 shield
rPois  ∞         Spirit   .     e - +0 hat
rElec  .         Dismiss  .     (no cloak)
rCorr  .         Reflect  .     (no gloves)
SustAt .         Harm     .     (no boots)
MR     .....                    (no amulet)
Stlth  +.........               (no ring)
                                (no ring)

@: very slow, not resistant to hostile enchantments, very unstealthy
A: no food or potions, fire vulnerability, cold resistance 1, negative energy
resistance 3, torment resistance, unbreathing
a: Bend Time, Renounce Religion


You were on level 4 of the Dungeon.
You worshipped Cheibriados.
Cheibriados was noncommittal.
You were not hungry.

You visited 1 branch of the dungeon, and saw 5 of its levels.

You collected 117 gold pieces.
You spent 44 gold pieces at shops.

Inventory:

Hand Weapons
 a - a +2 hand axe (weapon)
 l - a +0 blowgun
Missiles
 k - 16 poisoned needles
Armour
 e - a +0 hat (worn)
 g - a +0 shield (worn)
 i - a +0 ring mail (worn)
Scrolls
 b - a scroll of teleportation
 c - a scroll of fog
 d - a scroll of noise
 f - 2 scrolls of identify
 h - 2 scrolls of magic mapping


   Skills:
 + Level 4.6 Fighting
 * Level 5.4 Axes
 - Level 1.0 Throwing
 - Level 3.2 Armour
 + Level 3.3 Dodging
 - Level 1.0 Shields


You had 6 spell levels left.
You didn't know any spells.

Dungeon Overview and Level Annotations

Branches:
Dungeon (5/15)
 Temple: D:4-7

Altars:
Cheibriados
Kikubaaqudgha
Makhleb
The Shining One

Shops:
D:4 **

Annotations:
D:3 Shenda's ghost, amateur DrTm


Innate Abilities, Weirdness & Mutations

You do not eat or drink.
Your flesh is vulnerable to fire.
You are immune to poison.
Your flesh is cold resistant.
You are immune to negative energy.
You are immune to unholy pain and torment.
You can survive without breathing.


Message History

HP restored.
An ogre comes into view. It is wielding a giant club.
The ogre shouts!
A quokka comes into view.
The ogre barely misses you.
You barely miss the ogre. You hit the ogre.
The ogre is moderately wounded.
The ogre hits you with a giant club!!
You closely miss the ogre.
The ogre is moderately wounded.
The ogre hits you with a giant club!!
* * * LOW HITPOINT WARNING * * *
You are too injured to fight recklessly!
You are too injured to fight recklessly!
You are too injured to fight recklessly!
You hit the ogre.
The ogre is moderately wounded.
The ogre hits you with a giant club!
You die...

######## #..rO@.#
#.####.# #####
#.######### ....#
#.........##
#.#.##
........######..##
#.#..####
.....#.##
##...#####
#...#...# .....#.#
#.........
..#..##.# #... ..#
##...#####
#.#..##.# ##.#####
##.##


You could see an ogre and a quokka.

Vanquished Creatures
  4 water moccasins (D:4)
  A quasit (D:4)
  2 orc priests
  2 giant frog skeletons (D:4)
  2 orc wizards (D:4)
  3 worker ants (D:4)
  3 gnolls (D:2)
  3 adders
  An ooze (D:1)
  7 worms
  3 dart slugs (D:2)
  5 giant geckos
  5 orcs
  6 giant cockroaches
  11 hobgoblins
  2 jackals (D:2)
  A quokka (D:3)
  2 ball pythons
  6 bats
  3 giant newts
  8 goblins
  13 kobolds
  4 rats
97 creatures vanquished.

Notes
Turn   | Place    | Note
--------------------------------------------------------------
     0 | D:1      | wvc the Mummy Wanderer began the quest for the Orb.
     0 | D:1      | wvc set off with: a +2 hand axe, 2 scrolls of teleportation, a +0 robe
     0 | D:1      | Reached XP level 1. HP: 16/16 MP: 1/1
   266 | D:1      | Reached XP level 2. HP: 22/22 MP: 2/2
   294 | D:1      | Reached skill level 2 in Axes
   749 | D:2      | Reached XP level 3. HP: 21/28 MP: 3/3
   751 | D:2      | Found an ancient bone altar of Kikubaaqudgha.
  1542 | D:2      | Reached XP level 4. HP: 34/34 MP: 4/4
  1648 | D:2      | Reached skill level 3 in Axes
  2491 | D:3      | Noticed Shenda's ghost (amateur DrTm)
  2500 | D:2      | Reached skill level 1 in Dodging
  2515 | D:2      | Reached XP level 5. HP: 16/40 MP: 5/5
  3111 | D:3      | Found a burning altar of Makhleb.
  3111 | D:3      | Noticed a balrug
  3114 | D:3      | Noticed a ynoxinul
  3114 | D:3      | Noticed a ynoxinul
  3404 | D:3      | You fall through a shaft for 2 floors!
  3404 | D:5      | Entered Level 5 of the Dungeon
  3427 | D:4      | Found Qiczi's Serpentskin Sales.
  3427 | D:4      | Noticed a water moccasin
  3427 | D:4      | Noticed a water moccasin
  3427 | D:4      | Noticed a water moccasin
  3427 | D:4      | Noticed a water moccasin
  4276 | D:4      | Found Rolamuh's General Store.
  4288 | D:4      | Bought a +0 hat for 44 gold pieces
  4309 | D:4      | Reached skill level 4 in Axes
  4493 | D:4      | HP: 1/41 [water moccasin (6)]
  4494 | D:4      | Killed a water moccasin
  4494 | D:4      | Reached XP level 6. HP: 1/48 MP: 6/6
  4774 | D:4      | Killed a water moccasin
  5020 | D:4      | Killed a water moccasin
  5020 | D:4      | Reached XP level 7. HP: 19/54 MP: 7/7
  5205 | D:4      | Reached skill level 5 in Axes
  5855 | D:4      | HP: 1/55 [orc priest/morningstar (5)]
  6529 | D:4      | Found a snail-covered altar of Cheibriados.
  6603 | D:4      | Found a glowing golden altar of the Shining One.
  6607 | D:4      | Became a worshipper of Cheibriados the Contemplative
  6854 | D:4      | Mangled by an ogre

Skill      XL: |  1  2  3  4  5  6  7 |
---------------+----------------------+-----
Axes           | 2 3 4 5 |  5.4
Dodging        | 1 2 3 |  3.3
Fighting       | 3 4 |  4.6
Throwing       | |  1.0
Armour         | |  3.2
Shields        | |  1.0

Action                   |  1- 3 |  4- 6 |  7- 9 || total
-------------------------+-------+-------+-------++-------
Melee: Hand axe          |   137 |   279 |   115 ||   531
  Use: Scroll            |       |    10 |       ||    10
Armor: Robe              |     2 |       |       ||     2
       Chain mail        |    85 |    95 |       ||   180
       Ring mail         |       |    17 |    56 ||    73
Dodge: Dodged            |    42 |    50 |    54 ||   146
Block: Shield            |    29 |   118 |    50 ||   197
